 Dungeon Sprint DCSS version 0.18-a0-1147-g8e8348b (webtiles) character file.

8707 Sphara the Earth Mage (level 11, -5/104 HPs)
             Began as a Deep Dwarf Earth Elementalist on Jan 22, 2016.
             Was the Champion of Makhleb.
             Hit by a large rock thrown by a stone giant (35 damage)
             ... in the Dungeon (Sprint V: "Ziggurat Sprint").
             The game lasted 00:18:11 (1215 turns).

Sphara the Earth Mage (DDEE)                        Turns: 1215, Time: 00:18:11

Health: -5/104     AC: 24    Str: 10    XL:     11   Next: 13%
Magic:  23/28      EV: 12    Int: 30    God:    Makhleb [******]
Gold:   0          SH:  0    Dex: 13    Spells: 9 memorised, 12 levels left

rFire  + . .     SeeInvis .     D - +8 lance "Wyrmbane" {slay drac, +Rage rPois rF+ AC+5}
rCold  . . .     Gourm    .     O - +3 leather armour {MR+}
rNeg   . . .     Faith    .     (no shield)
rPois  +         Spirit   .     (no helmet)
rElec  .         Dismiss  .     (no cloak)
rCorr  .         Reflect  .     (no gloves)
SustAt .         Harm     .     (no boots)
MR     ++...     NoTele   +     (no amulet)
Stlth  ++........               Q - ring of Robustness {AC+8}
                                G - +6 ring of intelligence

@: brilliant, stone skin, very slightly contaminated, non-regenerating, hasted,
very quick, very resistant to hostile enchantments, unstealthy
A: damage resistance, recharge devices, hooves 1, sense surroundings 2, slow
regeneration 3, weak 1, evolution 1
a: Device Recharging, Minor Destruction, Lesser Servant of Makhleb, Major
Destruction, Greater Servant of Makhleb, Renounce Religion, Evoke Berserk Rage


You were in the Dungeon.
You worshipped Makhleb.
Makhleb was exalted by your worship.
You were not hungry.

You visited 1 branch

Inventory:

Hand Weapons
 D - the +8 lance "Wyrmbane" (weapon) {slay drac, +Rage rPois rF+ AC+5}
   (You found it in the Dungeon)

   It affects your AC (+5).
   It protects you from fire.
   It protects you from poison.
   It lets you go berserk.
 L - a +6 blowgun
Missiles
 b - 17 stones (quivered)
Armour
 O - a +3 leather armour of magic resistance (worn)
Magical Staves
 H - an uncursed staff of energy
 J - an uncursed staff of death
Rods
 P - a +4 rod of inaccuracy (13/13)
   (You found it in the Dungeon)
Jewellery
 a - a cursed ring of wizardry
 G - a +6 ring of intelligence (left hand)
 I - a +6 ring of strength
 Q - the ring of Robustness (right hand) {AC+8}
   (You found it in the Dungeon)

   [ring of protection]

   It affects your AC (+8).
Wands
 d - a wand of heal wounds (5/9)
 y - a wand of disintegration (7/24)
 A - a wand of fire (0/15)
 B - a wand of cold (4/15)
 C - a wand of draining (0/15)
Scrolls
 k - 4 scrolls of blinking
 o - 4 scrolls of amnesia
 r - 3 scrolls of recharging
 s - 6 scrolls of fog
 t - a scroll of holy word
 u - 5 scrolls of identify
 v - 5 scrolls of remove curse
 w - a scroll of fear
 F - 4 scrolls of enchant armour
Potions
 e - 9 potions of curing
 g - 7 potions of heal wounds
 h - 6 potions of haste
 i - 6 potions of magic
 j - 3 potions of berserk rage
 l - a potion of brilliance
 m - 2 potions of invisibility
 n - 4 potions of resistance
 p - 5 potions of agility
 q - 5 potions of might
Books
 K - a book of Ice

   Spells                             Type                      Level
   a - Ice Form                       Ice/Transmutation            4
   b - Metabolic Englaciation         Hexes/Ice                    5
   c - Ozocubu's Refrigeration        Ice                          6
   d - Bolt of Cold                   Conjuration/Ice              6
   e - Freezing Cloud                 Conjuration/Ice/Air          6
   f - Simulacrum                     Ice/Necromancy               6
 N - Sif Muna's Guide on Malediction and the Glacier
   (You found it in the Dungeon)

   Spells                             Type                      Level
   a - Ensorcelled Hibernation        Hexes/Ice                    2
   b - Summon Guardian Golem          Hexes/Summoning              3
   c - Throw Icicle                   Conjuration/Ice              4
   d - Metabolic Englaciation         Hexes/Ice                    5
Miscellaneous
 c - a box of beasts {used: 4}
 E - a phial of floods
 M - a box of beasts
Comestibles
 f - 5 bread rations
 x - 41 fruits
 z - 4 meat rations


   Skills:
 * Level 8.8 Fighting
 - Level 2.1 Dodging
 - Level 2.4 Stealth
 * Level 13.5 Spellcasting
 + Level 10.7 Conjurations
 - Level 0.8 Transmutations
 - Level 17.0 Earth Magic
 - Level 11.8 Evocations


You had 12 spell levels left.
You knew the following spells:

 Your Spells              Type           Power        Failure   Level  Hunger
a - Sandblast             Erth           ######       0%          1    None
b - Stoneskin             Trmt/Erth      ######..     1%          2    None
c - Stone Arrow           Conj/Erth      ######       1%          3    None
d - Lee's Rapid Deconstr  Erth           #######...   1%          5    None
e - Petrify               Trmt/Erth      ######..     1%          4    None
f - Summon Butterflies    Summ           #####...     1%          1    None
g - Blink                 Tloc           N/A          1%          2    None
h - Animate Dead          Necr           N/A          4%          4    None
i - Vampiric Draining     Necr           #####.....   1%          3    None


Dungeon Overview and Level Annotations

Branches:
Dungeon (1/1)

Altars:
Ashenzari
Cheibriados
Dithmenos
Elyvilon
Fedhas
Gozag
Kikubaaqudgha
Makhleb
Nemelex Xobeh
Okawaru
Pakellas
Qazlal
Ru
Sif Muna
Trog
Vehumet
Xom
Yredelemnul
Zin
The Shining One
Beogh
Jiyva
Lugonu


Innate Abilities, Weirdness & Mutations

You are resistant to damage.
You can recharge devices by infusing magical energy.
You passively map the area around you.
You do not regenerate naturally.
You have large cloven feet.
You are weak. (Str -2)
You evolve.


Message History

Confirm with . or Enter, or press ? or * to list all spells.
Aiming: Petrify
Press: ? - help, Shift-Dir - straight line, f/p - yaktaur captain
Aim: a yaktaur captain (blue smoke, heavily wounded, petrified, chance to defeat MR: 50%)
Okay, then.
Unknown command.
Casting: Petrify
Confirm with . or Enter, or press ? or * to list all spells.
Aiming: Lee's Rapid Deconstruction
Press: ? - help, Dir - move target cursor, f/p - yaktaur captain Fragment what (e.g. wall or brittle monster)?: a yaktaur captain (blue smoke, heavily wounded, petrified)
The yaktaur captain shatters!
The yaktaur captain is severely wounded.
The blast of petrified fragments hits the centaur.
You kill the centaur!
Makhleb accepts your kill.
The blast of petrified fragments hits the stone giant.
The stone giant is heavily wounded.
The stone giant throws a large rock.
The large rock hits you!!!
You die...

,, * , , ,▓..=).....▓ ,
,,▓.CccccC..▓.....)}..▓
, ,
▓.........▓.........▓ ,
▓.........▓"........▓
▓.........▓.......).▓ ,
,
,,▓........c▓.†.......▓
* ,
,,▓..§C§CH..▓.......†.▓
*
,▓..§§c§§..▓.........▓
,, ,,,,
▓..§§§§@..▓▓▓▓▓▓▓▓▓▓▓ *
▓▓▓▓▓▓▓▓▓▓▓ * * * * * ,
,, 8 ,, , * , ,,, , , ,
, * , * , ,, , ,, , ,
,, ,, , ,, ,,, , , , ,
,,, , *, , ,, , , , ,,,
,, ,,, ,


You could see a stone giant, 2 yaktaur captains and a friendly juvenile batshock
beast.

Vanquished Creatures
  A centaur warrior (D)
  2 spriggan druids (D)
  An ugly thing (D)
  A naga mage (D)
  A spiny frog (D)
  A guardian mummy (D)
  A yaktaur (D)
  A fire drake (D)
  A yaktaur (shapeshifter) (D)
  A jumping spider (shapeshifter) (D)
  A jumping spider (D)
  A raiju (shapeshifter) (D)
  2 spriggans (D)
  A yak (D)
  A fire bat (D)
  2 steam dragons (D)
  3 neqoxecs (D)
  A hungry ghost (D)
  7 wolves (D)
  3 nagas (D)
  3 swamp drakes (D)
  A black bear (D)
  A centaur (D)
  A giant frog (D)
  A scorpion (D)
  A crimson imp (D)
  A quasit (D)
  An iron imp (D)
  An iguana (D)
  2 mummies (D)
  3 adders (D)
  A river rat (D)
  An adder skeleton (D)
  An adder zombie (D)
  A giant gecko skeleton (D)
53 creatures vanquished.

Vanquished Creatures (collateral kills)
  A hell hog (D)
  2 ugly things (D)
  A black mamba (D)
  A polar bear (D)
  A wasp (shapeshifter) (D)
6 creatures vanquished.

Grand Total: 59 creatures vanquished

Notes
Turn   | Place    | Note
--------------------------------------------------------------
     0 | D        | Sphara the Deep Dwarf Earth Elementalist began the quest for the Orb.
     0 | D        | Reached XP level 1. HP: 15/15 MP: 3/3
     0 | D        | Found a roughly hewn altar of Beogh.
     0 | D        | Found a viscous altar of Jiyva.
     0 | D        | Found a corrupted altar of Lugonu.
     0 | D        | Found a white marble altar of Elyvilon.
     0 | D        | Found a sparkling altar of Nemelex Xobeh.
     0 | D        | Found a burning altar of Makhleb.
     0 | D        | Found an iron altar of Okawaru.
     0 | D        | Found a deep blue altar of Sif Muna.
     0 | D        | Found a radiant altar of Vehumet.
     0 | D        | Found a bloodstained altar of Trog.
     0 | D        | Found a shimmering altar of Xom.
     2 | D        | Reached skill level 8 in Earth Magic
     2 | D        | Reached XP level 2. HP: 22/22 MP: 3/7
    60 | D        | Became a worshipper of Makhleb the Destroyer
    65 | D        | Learned a level 2 spell: Stoneskin
    77 | D        | Entered arena 1.
    77 | D        | Noticed a jumping spider
    77 | D        | Noticed a scorpion
    80 | D        | Killed a jumping spider
    80 | D        | Reached skill level 12 in Earth Magic
    80 | D        | Reached XP level 3. HP: 25/28 MP: 8/11
    80 | D        | Reached XP level 4. HP: 32/36 MP: 8/12
    80 | D        | Reached XP level 5. HP: 37/42 MP: 9/14
    82 | D        | Reached * piety under Makhleb
    82 | D        | Reached skill level 13 in Earth Magic
    87 | D        | Learned a level 3 spell: Stone Arrow
    93 | D        | Learned a level 5 spell: Lee's Rapid Deconstruction
    98 | D        | Learned a level 4 spell: Petrify
   125 | D        | Entered arena 2.
   126 | D        | Reached XP level 6. HP: 44/49 MP: 10/16
   126 | D        | Reached ** piety under Makhleb
   167 | D        | Entered arena 3.
   167 | D        | Noticed a guardian mummy
   170 | D        | Killed a guardian mummy
   170 | D        | Reached *** piety under Makhleb
   170 | D        | Reached skill level 14 in Earth Magic
   170 | D        | Reached XP level 7. HP: 54/54 MP: 3/18
   281 | D        | Entered arena 4.
   281 | D        | Noticed a wolf
   281 | D        | Noticed a wolf
   281 | D        | Noticed a wolf
   282 | D        | Killed a wolf
   282 | D        | Reached skill level 15 in Earth Magic
   282 | D        | Killed a wolf
   283 | D        | Reached **** piety under Makhleb
   284 | D        | Killed a wolf
   284 | D        | Reached XP level 8. HP: 61/61 MP: 5/20
   292 | D        | Identified Sif Muna's Guide on Malediction and the Glacier (You found it in the Dungeon)
   372 | D        | Entered arena 5.
   375 | D        | Reached ***** piety under Makhleb
   380 | D        | Reached skill level 16 in Earth Magic
   380 | D        | Reached skill level 10 in Evocations
   380 | D        | Reached skill level 5 in Conjurations
   486 | D        | Entered arena 6.
   486 | D        | Noticed a fire drake
   490 | D        | Killed a fire drake
   493 | D        | Reached ****** piety under Makhleb
   493 | D        | Gained mutation: You passively map the area around you. [Deep Dwarf growth]
   493 | D        | Reached XP level 9. HP: 67/67 MP: 8/21
   504 | D        | Reached skill level 17 in Earth Magic
   508 | D        | Identified the Disquisition on the Frigorific Escort (You found it in the Dungeon)
   512 | D        | Learned a level 1 spell: Summon Butterflies
   605 | D        | Entered arena 7.
   605 | D        | Noticed a spriggan druid
   605 | D        | Noticed a spriggan druid
   609 | D        | Reached skill level 10 in Spellcasting
   609 | D        | Killed a spriggan druid
   609 | D        | Killed a spriggan druid
   632 | D        | Learned a level 2 spell: Blink
   731 | D        | Entered arena 8.
   731 | D        | Noticed a spiny frog
   734 | D        | Killed a spiny frog
   734 | D        | Reached XP level 10. HP: 73/79 MP: 11/25
   771 | D        | Identified the Compendium of Cold (You found it in the Dungeon)
   896 | D        | Entered arena 9.
   896 | D        | Noticed a black mamba
   896 | D        | Noticed a naga mage
   913 | D        | Killed a naga mage
   917 | D        | Reached skill level 5 in Fighting
   922 | D        | Killed a black mamba
   941 | D        | Learned a level 4 spell: Animate Dead
   952 | D        | Learned a level 3 spell: Vampiric Draining
  1038 | D        | Entered arena 10.
  1038 | D        | Noticed a white ugly thing
  1038 | D        | Noticed a brown ugly thing
  1038 | D        | Noticed a white ugly thing
  1038 | D        | Noticed a hell hog
  1048 | D        | Gained mutation: You are weak. (Str -2) [a neqoxec]
  1055 | D        | Killed a hell hog
  1055 | D        | Reached skill level 10 in Conjurations
  1058 | D        | Killed a red ugly thing
  1062 | D        | Killed a green ugly thing
  1064 | D        | Killed a white ugly thing
  1068 | D        | Reached XP level 11. HP: 51/103 MP: 1/28
  1107 | D        | Gained mutation: You have large cloven feet. [mutagenic meat]
  1109 | D        | Gained mutation: You evolve. [mutagenic meat]
  1200 | D        | Entered arena 11.
  1200 | D        | Noticed a yaktaur captain
  1200 | D        | Noticed a centaur warrior
  1200 | D        | Noticed a stone giant
  1208 | D        | Noticed a yaktaur captain
  1211 | D        | Killed a centaur warrior
  1215 | D        | Hit by a large rock thrown by a stone giant

Vault maps used:
D:        sprint_v

Action                   |  1- 3 |  4- 6 |  7- 9 | 10-12 || total
-------------------------+-------+-------+-------+-------++-------
Melee: Lance             |       |       |     8 |     8 ||    16
 Cast: Sandblast         |       |     1 |     2 |       ||     3
       Lee's Rapid Decon |       |     3 |     8 |    11 ||    22
       Stone Arrow       |       |       |     5 |     6 ||    11
       Petrify           |       |       |     6 |     4 ||    10
       Blink             |       |       |       |     7 ||     7
       Stoneskin         |       |       |       |     2 ||     2
Evoke: Wand              |     2 |     1 |     2 |     6 ||    11
       Box of beasts     |       |       |       |     4 ||     4
       Staff of energy   |       |       |       |     2 ||     2
  Use: Potion            |     1 |       |     1 |     7 ||     9
       Scroll            |       |       |       |     2 ||     2
 Stab: Confused          |       |       |     1 |       ||     1
       Petrified         |       |       |       |     1 ||     1
  Eat: Chunk             |       |       |     1 |     4 ||     5
       Fruit             |       |       |       |     1 ||     1
